 Dungeon Crawl Stone Soup version 0.26-a0-752-gcff87cac9a (webtiles) character file.

Game seed: 10825553396883734925

147 Forecaster the Stinger (level 5, 0/42 HPs)
             Began as a Naga Venom Mage on Nov 6, 2020.
             Succumbed to an orc wizard's poison
             ... on level 3 of the Dungeon.
             The game lasted 00:09:42 (3129 turns).

Forecaster the Stinger (Naga Venom Mage)            Turns: 3129, Time: 00:09:43

Health: 0/42       AC:  2    Str: 10    XL:     5   Next: 29%
Magic:  3/9        EV: 10    Int: 17    God:
Gold:   134        SH:  0    Dex: 11    Spells: 4/10 levels left

rFire    + . .     SeeInvis +   m - +0 short sword (holy)
rCold    + . .     Faith    .   (no shield)
rNeg     . . .     Spirit   .   q - +0 robe
rPois    +         Reflect  .   (no helmet)
rElec    +         Harm     .   (no cloak)
rCorr    +         Rampage  .   (no gloves)
MR       .....                  (no barding)
Stlth    ++........             (no amulet)
HPRegen  0.14/turn              (no ring)
MPRegen  0.11/turn              (no ring)

@: lethally poisoned (0 -> -9), resistant, very slow
A: large, see invisible, deformed body, poison resistance, slowness 2, spit
poison 1, AC +1
a: Spit Poison


You were on level 3 of the Dungeon.
You visited 1 branch of the dungeon, and saw 3 of its levels.

You collected 134 gold pieces.

Inventory:

Hand Weapons
 d - a +0 club
 l - a +0 dagger
 m - a +0 short sword of holy wrath (weapon)
Armour
 a - a +0 robe
 i - a +0 robe
 q - a +0 robe (worn)
Scrolls
 c - 4 scrolls of identify {unknown}
 e - 3 scrolls of fear {unknown}
 f - a scroll of fog {unknown}
 g - 3 scrolls of teleportation {unknown}
 h - 3 scrolls of remove curse {unknown}
 j - a scroll of blinking {unknown}
 k - a scroll of noise {unknown}
 p - a scroll of enchant armour {unknown}
Potions
 b - a potion of resistance
 n - a potion of ambrosia {unknown}
 o - a potion of degeneration {unknown}


   Skills:
 + Level 0.3 Short Blades
 + Level 0.2 Maces & Flails
 + Level 1.7 Dodging
 + Level 3.1 Stealth
 + Level 3.1 Spellcasting
 + Level 1.2 Transmutations
 + Level 1.9 Air Magic
 + Level 5.7 Poison Magic


You had 4 spell levels left.
You knew the following spells:

 Your Spells              Type           Power        Failure   Level
a - Sting                 Tmut/Pois      ##..         4%          1
b - Poisonous Vapours     Pois/Air       ###...       5%          2
c - Ignite Poison         Fire/Tmut/Pois ##......     21%         3

Your spell library contained the following spells:

 Spells                   Type           Power        Failure   Level
 Olgreb's Toxic Radiance  Pois           ###.....     16%         4
 Mephitic Cloud           Conj/Pois/Air  ##......     19%         3


Dungeon Overview and Level Annotations

Branches:
Dungeon (3/15)

Altars:
Makhleb
Nemelex Xobeh
Qazlal
Wu Jian
Xom
Zin


Innate Abilities, Weirdness & Mutations

You cannot wear boots.
Your serpentine skin is tough. (AC +1)
You have supernaturally acute eyesight. (SInv)
Armour fits poorly on your strangely shaped body.
Your system is resistant to poisons. (rPois)
You cover ground very slowly.
You can spit poison.


Message History

You are poisoned.
You feel sick.
The orc wizard hits you with a +0 dagger of venom.
* * * LOW HITPOINT WARNING * * *
You are lethally poisoned!
The orc wizard hits you with a +0 dagger of venom.
* * * LOW HITPOINT WARNING * * *
The orc hits you with a +0 dagger.
* * * LOW HITPOINT WARNING * * *
* * * LOW HITPOINT WARNING * * *
You feel sick.
The orc wizard gestures wildly while chanting.
The orc wizard flickers and vanishes for a moment.
It was a potion of resistance.
You feel protected.
* * * LOW HITPOINT WARNING * * *
You feel sick.
You closely miss the orc wizard.
The orc wizard is moderately wounded.
You die...

########### ....
#.........# ....
#.........# .....
###.....<...#
##...###.......#####
...........#.###
.........o.#.#
........o@.#.#
.#####)####.# #.#
#.# #.# #.# #.# #.#
.). #.# ... ...
<....


You could see an orc wizard (invisible) and an orc.

Vanquished Creatures
  Jessica (D:2)
  An orc wizard (D:3)
  A gnoll (D:1)
  2 adders (D:2)
  A worm (D:2)
  6 leopard geckos
  6 bats
  A giant cockroach (D:1)
  6 goblins
  7 hobgoblins
  12 jackals
  3 frilled lizards (D:1)
  6 kobolds
  5 rats
58 creatures vanquished.

Notes
Turn   | Place    | Note
-------+----------+-------------------------------------------
     0 | D:1      | Forecaster the Naga Venom Mage began the quest for the Orb.
     0 | D:1      | Reached XP level 1. HP: 15/15 MP: 3/3
   285 | D:1      | Reached XP level 2. HP: 22/22 MP: 1/5
   289 | D:1      | Learned a level 2 spell: Poisonous Vapours
   902 | D:1      | Reached XP level 3. HP: 28/28 MP: 0/6
   907 | D:1      | Learned a level 3 spell: Ignite Poison
  1168 | D:1      | Reached skill level 5 in Poison Magic
  1539 | D:1      | Reached skill level 1 in Air Magic
  2012 | D:2      | Reached XP level 4. HP: 36/36 MP: 4/7
  2256 | D:2      | Found a burning altar of Makhleb.
  2259 | D:2      | Found a stormy altar of Qazlal.
  2259 | D:2      | Found a sparkling altar of Nemelex Xobeh.
  2259 | D:2      | Found an ornate altar of the Wu Jian Council.
  2312 | D:2      | Found a glowing silver altar of Zin.
  2312 | D:2      | Found a shimmering altar of Xom.
  2770 | D:2      | Noticed Jessica
  2773 | D:2      | Killed Jessica
  2773 | D:2      | Reached XP level 5. HP: 42/42 MP: 2/9
  3127 | D:3      | HP: 2/42 [poisoned by an orc wizard]
  3129 | D:3      | Succumbed to an orc wizard's poison

Illustrated notes

Levels and vault maps discovered:
D:1:      matt_arrival_refuge, layout_basic, serial_bayou_pond_d
D:2:      layout_loops_ring, minmay_overflow_temple_hex,
          corexii_leaking_fountain, uniq_jessica
D:3:      layout_rooms, lemuel_blue_sif_altar, uniq_sigmund

Skill      XL: |  1  2  3  4  5 |
---------------+----------------+-----
Poison Magic   | 5 |  5.7
Air Magic      | 1 |  1.9
Spellcasting   | 3 |  3.1
Short Blades   | |  0.3
Maces & Flails | |  0.2
Dodging        | |  1.7
Stealth        | |  3.1
Transmutations | |  1.2

Action                   |  1- 3 |  4- 6 || total
-------------------------+-------+-------++-------
Melee: Unarmed           |     3 |       ||     3
       Club              |    36 |       ||    36
       Dagger            |    40 |     8 ||    48
       Short sword       |       |     9 ||     9
 Cast: Sting             |    10 |       ||    10
       Poisonous Vapours |    31 |    28 ||    59
       Ignite Poison     |       |     1 ||     1
 Abil: Spit Poison       |     1 |       ||     1
  Use: Potion            |       |     1 ||     1
Armor: Robe              |    23 |     5 ||    28
Dodge: Dodged            |    69 |    12 ||    81

Table legend: (Time is in decaauts)
 A = Elapsed time spent in this place.
 B = Non-inter-level travel time spent in this place.
 C = Inter-level travel time spent in this place.
 D = Time resting spent in this place.
 E = Time spent auto-exploring this place.
 F = Levels seen in this place.
 G = Mean time per level.
                   A        B        C        D        E       F      G
               +--------+--------+--------+--------+--------+-----+--------+
         Total |   3670 |   3574 |     96 |    363 |   2690 |   3 | 1223.3 |
       Dungeon |   3670 |   3574 |     96 |    363 |   2690 |   3 | 1223.3 |
               +--------+--------+--------+--------+--------+-----+--------+

Top non-repeatable levels by time:
     D:1: 2250 daAuts
     D:2: 1361 daAuts
     D:3: 58 daAuts
